 Dungeon Crawl Stone Soup version 0.30.0-19-g36f170ea60 (webtiles) character file.

Game seed: 5720163482604870791

676341 Bnni the Metallomancer (level 27, -2/224 HPs)
             Began as a Formicid Earth Elementalist on May 31, 2023.
             Was the Champion of Cheibriados.
             Killed from afar by a Hell Sentinel (26 damage)
             ... with damnation
             ... on level 19 of a ziggurat on June 1, 2023.
             The game lasted 04:39:04 (71411 turns).

Bnni the Metallomancer (FoEE)                      Turns: 71411, Time: 04:39:06

Health: -2/224     AC: 50    Str: 35    XL:     27
Magic:  21/46      EV: 11    Int: 40    God:    Cheibriados [******]
Gold:   4743       SH: 30    Dex: 28    Spells: 4/64 levels left

rFire   + + +        G - staff of earth "Quisa" {rPois rF++ Will- rCorr}
rCold   + + +        l - +5 tower shield
rNeg    + + .        r - +12 gold dragon scales
rPois   +            (helmet unavailable)
rElec   +            b - +2 cloak {Will+}
rCorr   +            I - +3 pair of gauntlets of War {Slay+5}
SInv    +            g - +3 pair of mountain boots {steadfast, rC+}
Will    +++..        Z - amulet of regeneration Stlth
                     T - ring "Juff" {rC+ rN+}
HPRegen 1.37/turn    U - ring of the Mackerel {Drain rElec rC+ rN+ Will+}
MPRegen 0.30/turn

%: no passive effects
@: studying 2 skills, very slow
A: permanent stasis, dig shafts and tunnels, antennae 3, four strong arms,
mutation resistance 1, sense surroundings 1, strong 1, inability to read after
injury 1
}: 5/15 runes: decaying, serpentine, slimy, silver, abyssal
a: Dig, Shaft Self, Renounce Religion, Bend Time, Temporal Distortion, Slouch,
Step From Time


You were on level 19 of a ziggurat.
You worshipped Cheibriados.
Cheibriados was exalted by your worship.
You visited 11 branches of the dungeon, and saw 51 of its levels.
You visited the Abyss 1 time.
You visited 1 ziggurat, and saw 19 of its levels.
You also visited: Trove and Wizlab.

You collected 10141 gold pieces.
You spent 5398 gold pieces at shops.

Inventory:

Hand Weapons
 C - the +8 lance "Wyrmbane" {slay drac, rPois rF+ rC+ AC+3}
   (You found it on level 11 of a ziggurat)

   AC:        It affects your AC (+3).
   rF:        It protects you from fire.
   rC:        It protects you from cold.
   rPois:     It protects you from poison.
 K - a +9 heavy bardiche
Missiles
 y - 4 throwing nets
 H - 8 curare-tipped darts
Armour
 b - a +2 cloak of willpower (worn)
 g - the +3 pair of mountain boots (worn) {steadfast, rC+}
   (You found it on level 15 of a ziggurat)

   Steadfast: It prevents involuntary movement, except for blinking,
   teleportation, or banishment.
   rC:        It protects you from cold.
 l - a +5 tower shield (worn)
 r - +12 gold dragon scales (worn)
 u - the crystal ball of Wucad Mu {*channel}
   (You found it on level 6 of a ziggurat)

   *Channel:  It often returns the magic spent to cast spells, but lowers their
   success rate.
   It always returns the magic spent on miscasts.
 I - the +3 pair of gauntlets of War (worn) {Slay+5}
   (You found it on level 13 of a ziggurat)

   Slay:      It affects your accuracy & damage with ranged weapons and melee
   (+5).
 Y - the +16 plate armour "Pate" {*Slow rC- rN+ Str+7}
   (You found it on level 4 of the Snake Pit)

   Str:       It affects your strength (+7).
   rC:        It makes you vulnerable to cold.
   rN:        It protects you from negative energy.
   *Slow:     It may slow you when you take damage.
Magical Staves
 m - the staff of earth "Ykerumi" {rCorr Int+4 Dex-3 SInv}
   (You found it on level 18 of a ziggurat)

   [staff of earth]

   Base accuracy: +5 Base damage: 5 Base attack delay: 1.2 This weapon's minimum
   attack delay (0.6) is reached at skill level 12.
   Int:       It affects your intelligence (+4).
   Dex:       It affects your dexterity (-3).
   SInv:      It lets you see invisible.
   rCorr:     It protects you from acid and corrosion.
   It falls into the 'Staves' category.
   It is a weapon for one hand-pair.
 G - the staff of earth "Quisa" (weapon) {rPois rF++ Will- rCorr}
   (You found it on level 5 of the Vaults)

   [staff of earth]

   Base accuracy: +5 Base damage: 5 Base attack delay: 1.2 This weapon's minimum
   attack delay (0.6) is reached at skill level 12.
   rF:        It greatly protects you from fire.
   rPois:     It protects you from poison.
   rCorr:     It protects you from acid and corrosion.
   Will:      It decreases your willpower.
   It falls into the 'Staves' category.
   It is a weapon for one hand-pair.
Jewellery
 h - a ring of flight
 s - the ring of Viasaru {rN+ Int+6}
   (You found it on level 3 of the Crypt)

   [ring of positive energy]

   Int:       It affects your intelligence (+6).
   rN:        It protects you from negative energy.
 P - the ring "Netokiut" {rF+ rC+ Dex+2 Slay+4}
   (You found it on level 14 of a ziggurat)

   [ring of slaying]

   Dex:       It affects your dexterity (+2).
   Slay:      It affects your accuracy & damage with ranged weapons and melee
   (+4).
   rF:        It protects you from fire.
   rC:        It protects you from cold.
 S - the ring "Meeveuzo" {Wiz rPois rF+ MP+9 Int+2}
   (You found it on level 14 of a ziggurat)

   [ring of wizardry]

   It improves your spell success rate.
   Int:       It affects your intelligence (+2).
   rF:        It protects you from fire.
   rPois:     It protects you from poison.
   MP:        It affects your magic capacity (+9).
 T - the ring "Juff" (left hand) {rC+ rN+}
   (You found it on level 3 of the Crypt)

   [ring of positive energy]

   rC:        It protects you from cold.
   rN:        It protects you from negative energy.
 U - the ring of the Mackerel (right hand) {Drain rElec rC+ rN+ Will+}
   (You bought it in a shop on level 4 of the Dungeon)

   [ring of positive energy]

   rC:        It protects you from cold.
   rElec:     It insulates you from electricity.
   rN:        It protects you from negative energy.
   Drain:     It drains your maximum health when unequipped.
   Will:      It increases your willpower.
 W - the ring "Hitigite" {Contam Fly rC++ Will+}
   (You bought it in a shop on level 4 of the Dungeon)

   [ring of flight]

   rC:        It greatly protects you from cold.
   Fly:       It grants you flight.
   Contam:    It causes magical contamination when unequipped.
   Will:      It increases your willpower.
 Z - an amulet of regeneration (around neck)
Wands
 d - a wand of iceblast (98)
 q - a wand of digging (40)
 z - a wand of acid (55)
Scrolls
 a - 7 scrolls of amnesia
 c - 11 scrolls of magic mapping
 e - 9 scrolls of poison
 j - 12 scrolls of immolation
 o - 14 scrolls of fog
 p - 5 scrolls of enchant weapon
 w - 5 scrolls of silence
 x - 7 scrolls of vulnerability
 E - 7 scrolls of butterflies
 F - a scroll of brand weapon
 R - 6 scrolls of fear
Potions
 f - a potion of resistance
 i - 22 potions of curing
 k - 16 potions of ambrosia
 n - 12 potions of mutation
 t - 9 potions of might
 v - 3 potions of brilliance
 A - 12 potions of attraction
 B - 10 potions of flight
 J - 2 potions of magic
 N - 4 potions of cancellation
 Q - 6 potions of invisibility
Miscellaneous
 O - a phantom mirror (inert)
 X - a phial of floods


   Skills:
 + Level 20.3 Fighting
 + Level 5.8 Polearms
 * Level 23.2 Armour
 - Level 4.2 Dodging
 - Level 2.4 Stealth
 + Level 20.6 Shields
 + Level 19.1 Spellcasting
 - Level 15.0 Conjurations
 + Level 3.0 Hexes
 - Level 6.6 Summonings
 * Level 16.6 Necromancy
 - Level 2.0 Translocations
 + Level 5.8 Transmutations
 - Level 26.9 Earth Magic
 - Level 13.0 Invocations


You had 4 spell levels left.
You knew the following spells:

 Your Spells              Type           Power      Damage    Failure   Level
b - Passwall              Tmut/Erth      100%       N/A       0%          2
c - Iron Shot             Conj/Erth      71%        9d13      1%          6
d - Lehudib's Crystal Sp  Conj/Erth      71%        10d16     7%          8
e - Lee's Rapid Deconstr  Erth           77%        3d35*     0%          5
f - Shatter               Erth           77%        3d56*     9%          9
g - Animate Armour        Summ/Erth      100%       N/A       1%          4
h - Borgnjor's Vile Clut  Necr/Erth      72%        N/A       1%          5
i - Irradiate             Conj/Tmut      44%        3d26      2%          5
j - Yara's Violent Unrav  Hex/Tmut       32%        3d13      26%         5
r - Borgnjor's Revivific  Necr           53%        N/A       36%         8
s - Sublimation of Blood  Necr           100%       N/A       0%          2
z - Apportation           Tloc           100%       N/A       2%          1

Your spell library contained the following spells:

 Spells                   Type           Power      Damage    Failure   Level
 Kiss of Death            Conj/Necr      100%       2d13      0%          1
 Magic Dart               Conj           100%       1d8       0%          1
 Necrotise                Necr           100%       1d9       0%          1
 Sandblast                Erth           100%       2d20      0%          1
 Stone Arrow              Conj/Erth      100%       3d13      0%          3
 Beastly Appendage        Tmut           100%       N/A       1%          1
 Foxfire                  Conj/Fire      100%       2x1d9     1%          1
 Shock                    Conj/Air       100%       1d9       1%          1
 Slow                     Hex            100%       N/A       1%          1
 Sting                    Tmut/Pois      100%       1d8       1%          1
 Summon Small Mammal      Summ           100%       N/A       1%          1
 Call Imp                 Summ           100%       N/A       1%          2
 Cigotuvi's Dreadful Rot  Necr/Pois/Air  100%       N/A       1%          2
 Momentum Strike          Conj/Tloc      100%       3d10      1%          2
 Searing Ray              Conj           100%       2d8       1%          2
 Static Discharge         Conj/Air       100%       2-7/arc   1%          2
 Wereblood                Tmut           71%        N/A       1%          2
 Call Canine Familiar     Summ           75%        N/A       1%          3
 Dazzling Flash           Conj/Hex       100%       N/A       1%          3
 Hailstorm                Conj/Ice       78%        3d16      1%          3
 Vampiric Draining        Necr           100%       2d13      1%          3
 Anguish                  Hex/Necr       43%        N/A       1%          4
 Dispel Undead            Necr           100%       3d31      1%          4
 Fulminant Prism          Conj/Hex       42%        3d19      1%          4
 Iskenderun's Mystic Bla  Conj/Tloc      82%        2d16      1%          4
 Leda's Liquefaction      Hex/Erth       63%        N/A       1%          4
 Petrify                  Tmut/Erth      100%       N/A       1%          4
 Mephitic Cloud           Conj/Pois/Air  68%        N/A       2%          3
 Summon Guardian Golem    Hex/Summ       67%        N/A       2%          3
 Flame Wave               Conj/Fire      78%        2d17      2%          4
 Sticky Flame             Conj/Fire      78%        2d9       2%          4
 Lesser Beckoning         Tloc           100%       N/A       3%          2
 Ensorcelled Hibernation  Hex/Ice        100%       N/A       4%          2
 Confusing Touch          Hex            58%        N/A       4%          3
 Spider Form              Tmut/Pois      58%        N/A       4%          3
 Tukima's Dance           Hex            58%        N/A       4%          3
 Freeze                   Ice            100%       1d10      5%          1
 Portal Projectile        Hex/Tloc       100%       N/A       6%          3
 Gell's Gravitas          Tloc           53%        N/A       8%          3
 Ignite Poison            Fire/Tmut/Pois 52%        N/A       8%          3
 Teleport Other           Tloc           53%        N/A       8%          3
 Poisonous Vapours        Pois/Air       76%        N/A       9%          2
 Scorch                   Fire           76%        2d8       9%          2
 Inner Flame              Hex/Fire       50%        N/A       9%          3
 Volatile Blastmotes      Fire/Tloc      92%        2d17      11%         3
 Summon Ice Beast         Ice/Summ       60%        N/A       14%         4
 Summon Lightning Spire   Summ/Air       60%        N/A       14%         4
 Cause Fear               Hex            29%        N/A       16%         4
 Frozen Ramparts          Ice            76%        1d12      17%         3
 Ozocubu's Armour         Ice            38%        N/A       17%         3
 Ice Form                 Ice/Tmut       58%        N/A       17%         4
 Manifold Assault         Tloc           53%        N/A       24%         4
 Airstrike                Air            19%        2d(3-19)  50%         4
 Olgreb's Toxic Radiance  Pois           38%        N/A       50%         4
 Agony                    Necr           100%       N/A       1%          5
 Iskenderun's Battlesphe  Conj           100%       2d15      1%          5
 Death Channel            Necr           53%        N/A       1%          6
 Statue Form              Tmut/Erth      86%        N/A       1%          6
 Arcjolt                  Conj/Air       39%        1d49      7%          5
 Fireball                 Conj/Fire      39%        3d16      7%          5
 Blade Hands              Tmut           35%        N/A       14%         5
 Freezing Cloud           Conj/Ice/Air   34%        6-21      21%         5
 Summon Mana Viper        Hex/Summ       67%        N/A       22%         5
 Summon Forest            Summ/Tloc      32%        N/A       26%         5
 Simulacrum               Ice/Necr       40%        N/A       28%         6
 Conjure Ball Lightning   Conj/Air       39%        3x3d13    36%         6
 Starburst                Conj/Fire      39%        6d11      36%         6
 Alistair's Intoxication  Tmut/Pois      38%        N/A       43%         5
 Summon Cactus Giant      Summ           37%        N/A       50%         6
 Spellforged Servitor     Conj/Summ      45%        N/A       50%         7
 Metabolic Englaciation   Hex/Ice        25%        N/A       63%         5
 Silence                  Hex/Air        25%        N/A       63%         5
 Eringya's Noxious Bog    Tmut/Pois      29%        N/A       95%         6
 Monstrous Menagerie      Summ           37%        N/A       97%         7
 Necromutation            Tmut/Necr      45%        N/A       98%         8
 Dragon Form              Tmut           35%        N/A       99%         7
 Death's Door             Necr           53%        N/A       99%         9
 Plasma Beam              Fire/Air       19%        2x1d33    100%        6
 Enfeeble                 Hex            29%        N/A       100%        7
 Malign Gateway           Summ/Tloc      32%        N/A       100%        7
 Ozocubu's Refrigeration  Ice            19%        4d11      100%        7
 Storm Form               Tmut/Air       29%        N/A       100%        7
 Discord                  Hex            29%        N/A       100%        8
 Ignition                 Fire           19%        3d7       100%        8
 Maxwell's Capacitive Co  Air            19%        ∞         100%        8
 Summon Horrible Things   Summ           37%        N/A       100%        8
 Chain Lightning          Conj/Air       39%        3d52      100%        9
 Dragon's Call            Summ           37%        N/A       100%        9
 Fire Storm               Conj/Fire      39%        8d10      100%        9
 Polar Vortex             Ice            19%        N/A       100%        9
 Blink                    Tloc           Unusable   N/A       N/A         2
 Vhi's Electric Charge    Tloc/Air       Unusable   N/A       N/A         3
 Swiftness                Air            Unusable   N/A       N/A         3

Dungeon Overview and Level Annotations

Branches:
Dungeon (15/15)            Temple (0/1) D:6            Lair (5/5) D:10
  Swamp (4/4) Lair:3        Snake (4/4) Lair:2        Slime (5/5) Lair:4
    Orc (2/2) D:12            Elf (3/3) Orc:2        Vaults (5/5) D:13
  Crypt (3/3) Vaults:3       Tomb (0/3) Crypt:3      Depths (4/4) D:15
   Hell (visited)             Dis (0/7) Hell            Geh (0/7) Hell
    Coc (0/7) Hell            Tar (0/7) Hell            Zot (0/5) Depths:4
 WizLab (visited)

Altars:
Ashenzari
Cheibriados
Dithmenos
Elyvilon
Fedhas
Gozag
Kikubaaqudgha
Makhleb
Nemelex Xobeh
Qazlal
Trog
Uskayaw
Xom
Yredelemnul
Zin
Jiyva
Lugonu

Shops:
D:2 *   D:4 =   D:7 :   D:8 ?   Orc:2 ?[=(   Elf:2 (   Elf:3 *   Snake:1 (:(:
Vaults:1 :   Vaults:2 *   Depths:2 (   Depths:3 [(*(=

Portals:
Hell: Depths:1 Depths:2 Depths:3 Depths:4
Abyss: Lair:5 Depths:1 Depths:3 Depths:4
Pandemonium: Depths:2

Annotations:
Elf:2 3 runed translucent doors
Vaults:4 1 transporter
Crypt:1 1 transporter


Innate Abilities, Weirdness & Mutations

You cannot be hasted, slowed, berserked, paralysed or teleported.
You can dig through walls and to a lower floor.
You have a pair of large antennae on your head. (SInv)
Your four strong arms can wield two-handed weapons with a shield.
You are somewhat resistant to further mutation.
You passively map a small area around you.
Your muscles are strong. (Str +4, Int/Dex -1)
You occasionally lose the ability to read scrolls when taking damage.


Message History

A demonspawn corrupter comes into view. It is wielding a +0 dire flail.
A Brimstone Fiend comes into view.
Unknown command.
Magic courses through your body.
A demonspawn corrupter comes into view. It is wielding a +0 demon whip.
Unknown command.
You step out of the flow of time.
You return to the normal time flow.
A Hell Sentinel, an orange demon, a green death and a demonspawn black sun come into view.
The Hell Sentinel roars!
The orange demon screeches!
The green death roars!
The balrug shouts!
The demonspawn black sun shouts!
You hear a shout!
Unknown command.
Casting: Shatter (dangerous; 9% risk of failure)
Confirm with . or Enter, or press ? or * to list all spells.
You feel a surge of power!
The dungeon rumbles!
You kill the demonspawn black sun!
Cheibriados appreciates the change of pace.
You kill the green death!
Cheibriados appreciates the change of pace.
You kill the orange demon!
Cheibriados thoroughly appreciates the change of pace.
The balrug is lightly wounded.
The Hell Sentinel is lightly wounded.
You hear a roar!
You hear a shout! x3; You hear a loud, deep croak!
You hear a trumpeting!
You hear a shout!
You hear a roar!
You hear a hideous shriek!
You hear a shout! x3
A Brimstone Fiend comes into view.
Your Hexes skill increases to level 3!
Unknown command.
Aiming: Borgnjor's Vile Clutch (safe; 1% risk of failure)
Press: ? - help, Q - select action, (/) - cycle Shift-Dir - straight line, f - balrug
Aim: a balrug, wielding a +2 demon whip of draining (lightly wounded, 100% to hit)
Okay, then.
Casting: Borgnjor's Vile Clutch (safe; 1% risk of failure)
Confirm with . or Enter, or press ? or * to list all spells.
You draw magical energy from your own body!
The balrug gestures at you. The sticky flame misses you.
The Hell Sentinel gestures at you.
The sphere of damnation explodes!
The damnation engulfs you!!
You die...

* * ▓▓.
▓... ,
*▓....
▓.2...
*▓......,
▓▓)......
▓@..).... ,
▓▓........
, ,
▓......)..
,
▓.........
▓.).......
▓.....1)..
▓▓.........
▓..∩.....1.
,, ,
▓▓.........


You could see a Hell Sentinel, a Brimstone Fiend and a balrug.

Vanquished Creatures
  the Royal Jelly (Slime:5)
  An ancient lich (Crypt:1)
  Mara (Swamp:3)
  4 juggernauts
  A Killer Klown (Zig:10)
  Saint Roka (Crypt:3)
  2 pandemonium lords
  Geryon (Hell)
  3 caustic shrikes
  A pearl dragon (Abyss:3)
  Nikola (Vaults:1)
  4 golden dragons
  A profane servitor (Abyss:3)
  3 iron giants (Zig:15)
  5 hellephants
  2 Hell Sentinels (Zig:16)
  3 tentacled monstrosities
  3 liches (Crypt:3)
  A walking crystal tome (WizLab)
  A tainted leviathan (Hell)
  2 quicksilver dragons (Vaults:5)
  A deep elf blademaster (Elf:3)
  10 titans
  3 deep elf master archers
  A walking earthen tome (WizLab)
  A walking frostbound tome (Depths:4)
  23 acid blobs
  3 Executioners
  6 tentacled starspawn
  6 sphinxes
  2 thorn hunters
  4 ancient champions
  Frances (D:12)
  4 tengu reavers
  5 shadow dragons (Vaults:5)
  2 strange machines (WizLab)
  16 azure jellies
  A draconian monk (Zig:1)
  3 storm dragons
  An azure jelly (shapeshifter) (Zig:10)
  7 revenants
  12 fire giants
  A demonspawn warmonger (Zig:19)
  A draconian knight (Depths:4)
  9 nagarajas
  10 rockslimes
  12 deep elf sorcerers
  7 frost giants
  Aizul (Snake:4)
  17 vault wardens
  3 iron dragons
  7 deep elf elementalists (Elf:3)
  4 ghouls
  A caustic shrike zombie (Crypt:2)
  3 balrugs
  A spriggan defender (Depths:2)
  5 curse skulls
  A draconian shifter (Depths:4)
  7 cacodemons
  16 quicksilver oozes
  3 demonspawn corrupters
  2 demonspawn blood saints (Zig:16)
  14 very ugly things
  11 stone giants
  A broodmother (Zig:5)
  18 ironbound preservers
  6 war gargoyles
  6 vampire knights
  3 reapers
  10 eleionomae
  3 ironbound thunderhulks
  2 green draconians (Depths:4)
  8 deep elf demonologists
  6 putrid mouths (Hell)
  A bunyip (Zig:7)
  8 starcursed masses
  5 spark wasps
  2 bennus (Zig:11)
  A black draconian (Depths:4)
  4 demonspawn black suns
  7 deep elf annihilators
  A white draconian (Depths:4)
  A yellow draconian (Depths:4)
  A minotaur (shapeshifter) (Zig:10)
  9 dire elephants
  9 merfolk javelineers
  A shambling mangrove (Swamp:3)
  10 eidola
  14 ettins
  5 blizzard demons
  11 deep elf death magi
  4 green deaths
  5 jiangshi
  2 mummy priests (Zig:11)
  7 merfolk impalers
  6 fire dragons
  2 entropy weavers (Zig:5)
  2 spriggan zombies
  2 deep elf high priests
  10 yaktaur captains
  A fire dragon (shapeshifter) (Vaults:5)
  14 great orbs of eyes
  A great orb of eyes (shapeshifter) (Vaults:5)
  6 rakshasas
  23 hydras
  A peacekeeper (Vaults:1)
  3 hell beasts
  5 catoblepae
  7 ice dragons
  5 salamander tyrants
  31 vault guards
  4 ogre magi
  2 spriggan air magi (Depths:1)
  17 centaur warriors
  2 death knights
  13 anacondas
  A boulder beetle (Lair:2)
  An alligator snapping turtle (shapeshifter) (Zig:10)
  16 dancing weapons
  3 alligators
  4 deep troll shamans
  4 merfolk aquamancers (Zig:18)
  16 two-headed ogres
  2 hell hogs
  8 ironbound frosthearts
  8 tengu warriors
  A death scarab (Zig:11)
  3 satyrs
  A death yak (Zig:14)
  2 thrashing horrors
  2 orc high priests (Orc:2)
  8 naga warriors
  A spectral storm dragon (Crypt:3)
  13 vampire magi
  2 soul eaters
  10 deep troll earth magi
  Urug (D:13)
  17 naga sharpshooters
  8 deep elf knights
  8 spriggan berserkers
  10 shock serpents
  12 hell knights
  14 sun demons
  A titan skeleton (Vaults:5)
  15 shadow wraiths
  7 salamander mystics
  Nergalle (D:11)
  An iron troll (Depths:2)
  6 sixfirhies
  2 skysharks (Zig:17)
  16 skeletal warriors
  A shadow demon (Zig:19)
  6 spriggan druids
  7 goliath frogs
  4 glowing orange brains
  An orb spider (Zig:5)
  5 wretched stars
  48 deep trolls
  3 storm dragon skeletons
  An orb spider (shapeshifter) (Vaults:5)
  6 sea snakes (Zig:18)
  12 flayed ghosts
  8 bog bodies
  10 phantasmal warriors
  4 obsidian statues
  A spectral wolf spider (D:14)
  2 naga ritualists
  A steelbarb worm (Zig:5)
  11 lindwurms
  19 ironbound convokers
  7 swamp dragons
  10 deep elf archers
  12 wizards
  An anaconda skeleton (Crypt:1)
  17 deep elf zephyrmancers
  2 orc sorcerers
  2 steelbarb worms (shapeshifter) (Zig:10)
  23 deep elf pyromancers
  10 harpies
  2 wolf spiders
  2 will-o-the-wisps
  The ghost of Voland the Zephyrmancer, a novice TeAE of Sif Muna (D:8)
  A jorogumo zombie (Crypt:3)
  3 orc knights (Vaults:5)
  A wolf spider (shapeshifter) (Vaults:5)
  10 cyclopes
  13 necromancers
  A tengu skeleton (Zig:11)
  A stone giant zombie (Crypt:2)
  A wolf spider zombie (D:14)
  10 mana vipers
  5 fauns
  29 ugly things
  An oklob plant (Lair:4)
  13 shining eyes
  A manticore (shapeshifter) (Vaults:5)
  3 manticores
  An elephant (shapeshifter) (Vaults:5)
  10 salamanders
  4 merfolk sirens
  9 guardian serpents
  21 vault sentinels
  7 elephants
  35 black mambas
  2 centaur zombies
  An apocalypse crab (Zig:10)
  3 ice statues (Zig:9)
  4 eyes of devastation
  A stone giant skeleton (Crypt:2)
  Maurice (D:8)
  4 molten gargoyles (Hell)
  3 torpor snails
  10 rust devils
  A demonic crawler (Zig:5)
  9 smoke demons
  6 water nymphs
  21 naga magi
  3 centaur skeletons (D:14)
  14 cane toads
  A kobold demonologist (D:11)
  Maggie (D:6)
  5 freezing wraiths
  2 hellions
  6 orange demons
  A naga skeleton (Hell)
  Psyche (D:11)
  A yellow draconian zombie (Crypt:2)
  4 tormentors
  5 ice devils
  7 rime drakes
  9 komodo dragons
  2 tengu conjurers (Depths:2)
  29 yaktaurs
  A yaktaur skeleton (Vaults:4)
  2 ancient zymes
  A white draconian skeleton (Crypt:3)
  10 guardian mummies
  3 red devils
  A pale draconian skeleton (Crypt:2)
  A meliai (Zig:5)
  4 polar bears
  26 merfolk
  A troll (shapeshifter) (Vaults:4)
  A merfolk (shapeshifter) (Vaults:5)
  A tarantella (shapeshifter) (Vaults:4)
  3 wind drakes (Zig:18)
  3 bloated husks
  6 trolls
  2 harpy zombies
  A queen bee (Lair:1)
  A tarantella (Zig:5)
  A tyrant leech (shapeshifter) (Vaults:5)
  5 hornets
  18 blink frogs
  An ettin zombie (Hell)
  11 tyrant leeches
  Prince Ribbit (D:8)
  A harpy skeleton (D:14)
  2 dream sheep
  A meliai zombie (D:14)
  20 flying skulls
  A centaur simulacrum (Hell)
  3 snapping turtles
  An alligator zombie (Crypt:1)
  59 slime creatures
  A black mamba zombie (Crypt:2)
  An ettin skeleton (Vaults:4)
  32 yaks
  10 spriggans
  15 shadows
  2 ynoxinuls (Lair:5)
  An air elemental (Elf:2)
  A vampire (D:14)
  5 wyverns
  6 ushabtiu (Zig:11)
  9 water elementals
  Eustachio (D:5)
  10 wraiths
  A black mamba skeleton (Crypt:2)
  9 basilisks
  4 golden eyes
  2 neqoxecs
  2 fire elementals (Elf:2)
  Grum (D:8)
  16 humans (D:13)
  2 steam dragons
  8 redbacks (Depths:1)
  6 chaos spawn
  7 vampire mosquitoes
  3 harpy simulacra
  27 nagas
  22 water moccasins
  9 large abominations
  4 wargs
  5 swamp worms
  An acid dragon (D:12)
  2 swamp worms (shapeshifter)
  2 glowing shapeshifter zombies
  4 floating eyes
  A hornet zombie (Crypt:3)
  A swamp drake (Swamp:2)
  11 orc warriors
  A swamp dragon zombie (Crypt:1)
  A demonspawn skeleton (Crypt:1)
  A two-headed ogre skeleton (Crypt:2)
  2 ice beasts
  A sky beast (D:3)
  3 black bears
  2 boggarts (Elf:1)
  2 black mamba simulacra (Hell)
  11 ogres
  An ogre (shapeshifter) (Lair:5)
  2 wolves (D:8)
  11 centaurs
  A lindwurm skeleton (Crypt:3)
  A phantom (D:5)
  2 kobold brigands
  A komodo dragon zombie (Crypt:1)
  A draconian zombie (Crypt:1)
  14 bullfrogs
  A yaktaur zombie (Crypt:3)
  A gnoll sergeant (D:10)
  A salamander skeleton (Crypt:2)
  A human skeleton (Vaults:4)
  A necrophage (Crypt:3)
  An earth elemental (Elf:1)
  5 scorpions
  A cane toad simulacrum (Lair:1)
  A draconian skeleton (Crypt:1)
  A water moccasin zombie (D:6)
  9 wights
  34 killer bees
  A troll zombie (Crypt:3)
  4 electric eels (D:11)
  A nameless horror (Lair:2)
  11 howler monkeys
  4 crimson imps (D:6)
  A komodo dragon simulacrum (Lair:1)
  9 small abominations
  Crazy Yiuf (D:2)
  3 jellies
  2 gnoll boudas
  20 orc priests
  4 hounds
  A sleepcap (D:7)
  2 water moccasin simulacra (Lair:1)
  10 hell rats
  5 iguanas
  20 orc wizards
  A yak simulacrum (Lair:1)
  A bullfrog simulacrum (Lair:1)
  A hound zombie (Crypt:2)
  A hound skeleton (Crypt:2)
  A howler monkey zombie (D:6)
  10 mummies (Zig:11)
  11 gnolls
  7 adders
  2 shadow imps
  A white imp (D:7)
  2 ufetubi
  An iguana skeleton (Crypt:2)
  2 worms
  A dart slug (D:2)
  36 orcs
  10 ball pythons
  2 bats
  6 endoplasms
  3 giant cockroaches
  6 goblins
  9 hobgoblins
  3 jackals (D:2)
  16 kobolds
  4 quokkas
  A dart slug zombie (Crypt:1)
  5 frilled lizards
  A frilled lizard skeleton (Crypt:1)
  A goblin skeleton (Crypt:3)
  6 rats
  A river rat skeleton (Crypt:3)
  6 starspawn tentacles (Abyss:3)
2228 creatures vanquished.

Vanquished Creatures (collateral kills)
  A pandemonium lord (Zig:16)
  A golden dragon (Vaults:4)
  2 bone dragons (Depths:4)
  A Tzitzimitl (Zig:16)
  A tentacled monstrosity (Swamp:4)
  A quicksilver dragon (Depths:3)
  A deep elf blademaster (Elf:3)
  3 acid blobs (Slime:5)
  An ancient champion (Crypt:2)
  A tengu reaver (Depths:3)
  A draconian monk (Depths:4)
  A nagaraja (Snake:4)
  3 rockslimes
  A fire giant (Depths:3)
  A deep elf sorcerer (Elf:3)
  Louise (Snake:4)
  An orc warlord (Vaults:1)
  A deep elf elementalist (Elf:3)
  A vault warden (Vaults:1)
  A cacodemon (Zig:16)
  An ironbound preserver (Vaults:1)
  2 stone giants
  5 reapers
  4 very ugly things
  A red draconian (Depths:4)
  5 dire elephants
  5 eidola
  A deep elf death mage (D:14)
  An ettin (Depths:2)
  2 green deaths (Swamp:4)
  A shambling mangrove (Swamp:1)
  A great orb of eyes (Depths:2)
  A quicksilver dragon zombie (Crypt:2)
  A deep elf high priest (Elf:3)
  6 jiangshi
  A yaktaur captain (Vaults:4)
  An ice dragon (Depths:1)
  3 rakshasas
  2 salamander tyrants
  A spriggan air mage (Depths:2)
  The ghost of Juwk the Carver, a journeyman DgGl (Lair:1)
  2 death knights
  2 hydras
  An ironbound frostheart (Vaults:2)
  A hell beast (Zig:19)
  4 two-headed ogres
  3 boulder beetles
  3 alligators
  4 anacondas
  A bennu skeleton (Crypt:2)
  5 dancing weapons
  3 naga warriors
  3 deep troll earth magi
  A naga sharpshooter (Snake:1)
  A spriggan berserker (Depths:2)
  A hell hog (Zig:16)
  2 orc high priests (Orc:2)
  A shock serpent (Snake:1)
  3 sun demons (Depths:2)
  A vampire mage (Crypt:3)
  A spectral storm dragon (Crypt:3)
  2 tengu warriors (Depths:1)
  3 thrashing horrors (Lair:5)
  4 soul eaters
  An iron troll (Depths:2)
  A skyshark (Lair:5)
  3 shadow wraiths (Crypt:3)
  5 deep trolls
  2 sea snakes (Snake:1)
  3 goliath frogs
  A skeletal warrior (Crypt:3)
  A salamander mystic (Snake:4)
  3 flayed ghosts
  3 swamp dragons
  An ironbound convoker (Vaults:1)
  A bog body (Swamp:4)
  A harpy (Depths:1)
  5 necromancers
  An orc knight (Orc:2)
  10 phantasmal warriors
  2 wolf spider zombies
  A deep elf zephyrmancer (Elf:3)
  An orc sorcerer (Orc:2)
  21 ugly things
  7 salamanders
  2 mana vipers
  A faun (shapeshifter) (Lair:5)
  A will-o-the-wisp (Swamp:3)
  3 centaur zombies (D:14)
  5 spectral centaurs (D:14)
  7 elephants
  9 black mambas
  2 naga magi
  3 orange demons
  4 cane toads
  A grey draconian zombie (Crypt:1)
  4 centaur skeletons (D:14)
  A dire elephant skeleton (Crypt:2)
  5 freezing wraiths
  2 tormentors (D:14)
  An efreet (D:13)
  3 yaktaurs (Vaults:1)
  5 komodo dragons
  2 guardian mummies (Crypt:3)
  An ancient zyme (Lair:5)
  2 spectral harpies (Crypt:3)
  2 polar bears
  2 tyrant leeches
  4 hornets
  A boulder beetle zombie (Crypt:3)
  A harpy skeleton (D:14)
  5 blink frogs (Lair:5)
  A large abomination (Lair:5)
  3 flying skulls (Crypt:3)
  20 slime creatures
  A spectral meliai (D:14)
  5 centaur simulacra (D:14)
  A meliai zombie (D:14)
  4 shadows (Crypt:3)
  A spriggan (Swamp:4)
  33 yaks
  2 wyverns (Lair:3)
  A basilisk (shapeshifter) (D:13)
  3 basilisks (Lair:5)
  5 vampire mosquitoes
  5 swamp worms
  3 wargs
  12 nagas
  6 orc warriors (Orc:2)
  3 swamp drakes (Swamp:3)
  An ogre (Crypt:3)
  4 wolves (Lair:5)
  A necrophage (Crypt:3)
  An elephant simulacrum (Lair:1)
  6 orc priests (Orc:2)
  An orc wizard (Orc:2)
  5 hell rats
  3 small abominations (Lair:5)
407 creatures vanquished.

Vanquished Creatures (others)
  Asterion (Snake:2)
  A demonspawn warmonger (Zig:16)
  A demonspawn corrupter (Zig:16)
  2 deep elf knights
  A shadow wraith (Crypt:3)
  A hellwing (Zig:16)
  A wraith (Crypt:3)
  A vampire mosquito (Swamp:2)
  A naga (Snake:3)
  An orc (D:13)
  A kobold (D:4)
  5 foxfires
  8 starspawn tentacles
25 creatures vanquished.

Grand Total: 2660 creatures vanquished

Notes
Turn   | Place    | Note
-------+----------+-------------------------------------------
     0 | D:1      | Bnni the Formicid Earth Elementalist began the quest for
                  | the Orb.
     0 | D:1      | Reached XP level 1. HP: 13/13 MP: 3/3
   165 | D:1      | Reached XP level 2. HP: 17/20 MP: 0/5
   327 | D:1      | Reached skill level 4 in Earth Magic
   727 | D:1      | Reached XP level 3. HP: 25/25 MP: 3/6
   817 | D:1      | Reached skill level 1 in Fighting
  1224 | D:1      | Learned a level 2 spell: Passwall
  1228 | D:1      | Learned a level 3 spell: Stone Arrow
  1330 | D:2      | Found Ehiob's General Store.
  1345 | D:2      | Bought a potion of heal wounds for 50 gold pieces
  1418 | D:2      | Found a snail-covered altar of Cheibriados.
  1447 | D:2      | Became a worshipper of Cheibriados the Contemplative
  1565 | D:2      | Reached XP level 4. HP: 32/32 MP: 1/7
  1902 | D:2      | Found a runed translucent door.
  1903 | D:2      | Noticed Crazy Yiuf
  2273 | D:2      | Killed Crazy Yiuf
  2274 | D:2      | Reached skill level 1 in Invocations
  2274 | D:2      | Reached XP level 5. HP: 5/38 MP: 2/9
  2553 | D:3      | Found a transporter.
  2574 | D:3      | Found a transporter.
  2681 | D:3      | Found a hide-covered altar of Uskayaw.
  2683 | D:3      | Noticed an ice beast
  2685 | D:3      | Noticed a sky beast
  2694 | D:3      | Reached * piety under Cheibriados
  3068 | D:3      | Found a sparkling altar of Nemelex Xobeh.
  3070 | D:3      | Found a shadowy altar of Dithmenos.
  3180 | D:3      | Killed a sky beast
  3181 | D:3      | Reached skill level 5 in Earth Magic
  3181 | D:3      | Reached XP level 6. HP: 36/44 MP: 6/10
  3185 | D:3      | Killed an ice beast
  3287 | D:3      | Learned a level 4 spell: Petrify
  3336 | D:4      | Reached XP level 7. HP: 43/51 MP: 5/12
  3373 | D:4      | HP: 2/51 [orc priest/+2 mace of protection (3)]
  3751 | D:4      | Reached skill level 6 in Earth Magic
  3790 | D:4      | Found a white marble altar of Elyvilon.
  3809 | D:4      | Found a bloodstained altar of Trog.
  3928 | D:4      | Found an ancient bone altar of Kikubaaqudgha.
  4069 | D:4      | Found Peijapn's Jewellery Boutique.
  4072 | D:4      | Reached ** piety under Cheibriados
  4298 | D:5      | Entered Level 5 of the Dungeon
  4327 | D:5      | Reached skill level 1 in Shields
  4327 | D:5      | Reached XP level 8. HP: 58/58 MP: 8/13
  4464 | D:5      | Noticed Eustachio
  4479 | D:5      | Killed Eustachio
  4480 | D:5      | Reached skill level 7 in Earth Magic
  4480 | D:5      | Reached skill level 5 in Invocations
  5100 | D:6      | Reached skill level 1 in Conjurations
  5101 | D:6      | Reached XP level 9. HP: 63/65 MP: 12/15
  5103 | D:6      | Reached *** piety under Cheibriados
  5205 | D:6      | Reached skill level 8 in Earth Magic
  5279 | D:6      | Found a shimmering altar of Xom.
  5336 | D:6      | Noticed Maggie
  5345 | D:6      | Killed Maggie
  5436 | D:6      | Reached skill level 5 in Spellcasting
  5538 | D:6      | Found a staircase to the Ecumenical Temple.
  5973 | D:6      | Reached skill level 5 in Fighting
  6238 | D:7      | Reached skill level 9 in Earth Magic
  6282 | D:7      | Reached XP level 10. HP: 74/74 MP: 13/17
  6393 | D:7      | Reached **** piety under Cheibriados
  6548 | D:7      | Found a broken altar of Ashenzari.
  6734 | D:7      | Found Ithrem's Book Shop.
  6738 | D:7      | Bought a book of Armaments for 468 gold pieces
  6743 | D:7      | Learned a level 4 spell: Animate Armour
  6970 | D:8      | Reached skill level 1 in Armour
  6972 | D:8      | Reached skill level 1 in Summonings
  6976 | D:8      | Noticed Grum
  6978 | D:8      | Reached skill level 10 in Earth Magic
  6985 | D:8      | Killed Grum
  7122 | D:8      | Noticed Prince Ribbit
  7123 | D:8      | Noticed Maurice
  7133 | D:8      | Reached ***** piety under Cheibriados
  7137 | D:8      | Killed Maurice
  7140 | D:8      | Killed Prince Ribbit
  7240 | D:8      | Learned a level 5 spell: Lee's Rapid Deconstruction
  7409 | D:8      | Reached XP level 11. HP: 66/81 MP: 16/20
  7467 | D:8      | Noticed a two-headed ogre
  7471 | D:8      | Killed a two-headed ogre
  7511 | D:8      | Found Kegazokh's Magic Scroll Shop.
  7577 | D:8      | Reached skill level 10 in Invocations
  7583 | D:8      | Reached skill level 11 in Earth Magic
  7932 | D:8      | Found a runed translucent door.
  7932 | D:8      | Found a shimmering altar of Xom.
  7932 | D:8      | Noticed Voland's ghost (novice TeAE)
  7932 | D:8      | Noticed a +0 hand axe of chaos
  7944 | D:8      | Killed a +0 hand axe of chaos
  7948 | D:8      | Killed Voland's ghost
  8322 | D:9      | Found a glowing silver altar of Zin.
  8362 | D:9      | Found a blossoming altar of Fedhas.
  8550 | D:9      | Reached skill level 5 in Summonings
  8681 | D:9      | Noticed a two-headed ogre
  8686 | D:9      | Killed a two-headed ogre
  9381 | D:10     | Entered Level 10 of the Dungeon
  9381 | D:10     | Noticed a two-headed ogre
  9384 | D:10     | Killed a two-headed ogre
  9385 | D:10     | Reached XP level 12. HP: 91/91 MP: 7/22
  9597 | D:9      | Reached ****** piety under Cheibriados
  9704 | D:10     | Reached skill level 12 in Earth Magic
  9788 | D:10     | Found a staircase to the Lair.
 10149 | D:10     | Noticed a two-headed ogre
 10152 | D:10     | Killed a two-headed ogre
 10308 | D:11     | Reached skill level 5 in Armour
 10374 | D:11     | Noticed Nergalle
 10377 | D:11     | Killed Nergalle
 10385 | D:11     | Noticed Psyche
 10391 | D:11     | Noticed a two-headed ogre
 10397 | D:11     | Killed Psyche
 10400 | D:11     | Killed a two-headed ogre
 11563 | D:12     | Found a staircase to the Orcish Mines.
 11746 | D:12     | Reached skill level 13 in Earth Magic
 12002 | D:12     | Reached XP level 13. HP: 98/98 MP: 20/24
 12214 | D:12     | Noticed Frances
 12219 | D:12     | Killed Frances
 12881 | D:13     | Noticed a centaur warrior
 12881 | D:13     | Noticed Urug
 12881 | D:13     | Found a gate to the Vaults.
 12888 | D:13     | Killed a centaur warrior
 12889 | D:13     | Reached skill level 14 in Earth Magic
 12890 | D:13     | Killed Urug
 14075 | Lair:1   | Entered Level 1 of the Lair of Beasts
 14100 | Lair:1   | You fall into a shaft and drop 1 floor!
 14391 | Lair:2   | Reached XP level 14. HP: 95/108 MP: 17/27
 14511 | Lair:2   | Reached skill level 15 in Earth Magic
 14516 | Lair:2   | Reached skill level 5 in Shields
 14769 | Lair:2   | Found a staircase to the Snake Pit.
 14819 | Lair:2   | Reached skill level 10 in Fighting
 15934 | Lair:3   | Found a staircase to the Swamp.
 16818 | Lair:4   | Reached skill level 16 in Earth Magic
 17588 | Lair:4   | Found a viscous altar of Jiyva.
 17593 | Lair:4   | Found a staircase to the Slime Pits.
 18231 | Lair:1   | Reached skill level 10 in Spellcasting
 18463 | Lair:1   | Reached XP level 15. HP: 94/117 MP: 29/29
 18644 | Lair:1   | Noticed Juwk's ghost (journeyman DgGl)
 18668 | Lair:1   | Found a runed translucent gate.
 18668 | Lair:1   | Found a runed translucent gate.
 18668 | Lair:1   | Found a runed translucent gate.
 19143 | Lair:1   | Reached skill level 5 in Conjurations
 19168 | Lair:1   | Killed Juwk's ghost
 19304 | Lair:1   | Got the ring "Wirim" {Fire rElec Int+5 Stlth+}
 19308 | Lair:1   | Identified the amulet "Ifuadgh" {Faith Int+3}
 19413 | Lair:5   | Entered Level 5 of the Lair of Beasts
 20934 | Lair:5   | Reached skill level 17 in Earth Magic
 21416 | Lair:5   | Found a corrupted altar of Lugonu.
 21416 | Lair:5   | Found a one-way gate to the infinite horrors of the Abyss.
 21706 | Orc:1    | Entered Level 1 of the Orcish Mines
 21872 | D:4      | Bought the ring of the Mackerel {Drain rElec rC+ rN+ Will+}
                  | for 574 gold pieces
 22359 | Orc:2    | Entered Level 2 of the Orcish Mines
 22511 | Orc:2    | Found a staircase to the Elven Halls.
 22956 | Orc:2    | Reached XP level 16. HP: 30/125 MP: 2/30
 23250 | Orc:2    | Found Cirirr's Magic Scroll Shop.
 23250 | Orc:2    | Found Poolim's Jewellery Boutique.
 23251 | Orc:2    | Found Ciohase's Weapon Boutique.
 23317 | Orc:2    | Found Ryfehup's Armour Shop.
 23822 | D:14     | Found a stormy altar of Qazlal.
 23870 | D:14     | Reached skill level 10 in Armour
 23995 | D:14     | Found an ancient bone altar of Kikubaaqudgha.
 24361 | D:14     | Identified the +4 mace "Tenyhepp" {freeze, Str+2}
 24583 | D:14     | Reached skill level 18 in Earth Magic
 24670 | D:14     | Identified the +5 scale mail of the Sandy God {Int+3}
 24673 | D:14     | Identified the +4 broad axe "Luxor" {vamp, MP+9 Dex+3}
 24892 | D:14     | Reached XP level 17. HP: 131/131 MP: 32/32
 25399 | D:15     | Entered Level 15 of the Dungeon
 25451 | D:15     | Learned a level 2 spell: Sublimation of Blood
 25457 | D:15     | Learned a level 5 spell: Irradiate
 25466 | D:15     | Learned a level 8 spell: Lehudib's Crystal Spear
 25486 | D:15     | Found a portal to a secret trove of treasure.
 25493 | D:15     | You paid a toll of 4 scrolls of fear to enter a treasure
                  | trove
 25494 | Trove    | Entered a treasure trove
 25511 | Trove    | Got the Atlas of Twisted Corruption
 25520 | Trove    | Got Sif Muna's Grimoire of Assaults
 25535 | Trove    | Got Sif Muna's Volume of the Graveyard and the Retinue
 25567 | Trove    | Learned a level 6 spell: Iron Shot
 25645 | D:15     | Reached skill level 10 in Shields
 25773 | D:15     | Reached skill level 1 in Necromancy
 25918 | D:15     | Found a staircase to the Depths.
 26225 | D:15     | Reached XP level 18. HP: 136/140 MP: 28/33
 26985 | Snake:1  | Entered Level 1 of the Snake Pit
 27151 | Orc:2    | Bought a ring of poison resistance for 360 gold pieces
 27322 | Snake:1  | You fall into a shaft and drop 1 floor!
 27914 | Snake:1  | Identified the ring "Neraupn" {rPois rF- rC+ Will+}
 28260 | Snake:1  | Found Tukhax's Book Shop.
 28260 | Snake:1  | Found Oticvuka's Weapon Boutique.
 28261 | Snake:1  | Found Cyrhigh's Book Boutique.
 28270 | Snake:1  | Found Gess's Antique Weapon Shop.
 28327 | Snake:1  | Bought Puwie's Compilation of the Iron Curse for 768 gold
                  | pieces
 28919 | Snake:2  | Identified the +6 trident of Checks and Balances {venom,
                  | rC- Str-3 SInv Stlth+}
 29528 | Snake:2  | Reached skill level 19 in Earth Magic
 29754 | Snake:2  | Noticed Asterion
 29768 | Snake:2  | Killed Asterion
 30785 | Snake:3  | Reached skill level 5 in Transmutations
 31032 | Snake:3  | Identified the +0 pair of boots of the Blue Moon {Str+4}
 31421 | Snake:3  | Learned a level 5 spell: Borgnjor's Vile Clutch
 31825 | Snake:3  | Reached skill level 10 in Conjurations
 32387 | Snake:3  | Reached XP level 19. HP: 148/148 MP: 22/35
 32630 | Snake:4  | Entered Level 4 of the Snake Pit
 32632 | Snake:4  | Noticed Aizul
 32637 | Snake:4  | Noticed Louise
 33132 | Snake:4  | Killed Louise
 33156 | Snake:4  | Killed Aizul
 33615 | Snake:4  | Found a runed translucent door.
 34701 | Snake:4  | Identified the +16 plate armour "Pate" {*Slow rC- rN+
                  | Str+7}
 34729 | Snake:4  | Reached skill level 5 in Necromancy
 34735 | Snake:4  | Got a serpentine rune of Zot
 35232 | Snake:4  | Reached skill level 20 in Earth Magic
 35434 | Swamp:1  | Entered Level 1 of the Swamp
 35802 | Swamp:1  | Found a snail-covered altar of Cheibriados.
 36197 | Swamp:2  | Reached XP level 20. HP: 134/156 MP: 4/36
 37264 | Swamp:3  | Noticed Mara
 37268 | Swamp:3  | Killed Mara
 38240 | Swamp:3  | Identified the +2 helmet of Eternal Night {*Corrode rElec
                  | rN+}
 38498 | Swamp:4  | Entered Level 4 of the Swamp
 39088 | Swamp:4  | Identified the +3 long sword "Ussab" {vamp, rPois Dex+6}
 39409 | Swamp:4  | Identified a scroll of acquirement
 39470 | Swamp:4  | Acquired 615 gold pieces
 39938 | Swamp:4  | Noticed a tentacled monstrosity
 39948 | Swamp:4  | Killed a tentacled monstrosity
 40190 | Swamp:4  | Got a decaying rune of Zot
 40569 | Depths:1 | Entered Level 1 of the Depths
 40849 | Depths:1 | Reached XP level 21. HP: 127/165 MP: 17/38
 40855 | Depths:1 | Reached skill level 21 in Earth Magic
 40867 | Depths:1 | You fall into a shaft and drop 1 floor!
 40880 | Depths:2 | Found a one-way gate leading to the halls of Pandemonium.
 41429 | Depths:2 | Noticed a golden dragon
 41437 | Depths:2 | Killed a golden dragon
 41757 | Depths:2 | Found a gateway to Hell.
 42100 | Depths:2 | Found a one-way gateway to a ziggurat.
 42658 | Depths:2 | Gained mutation: Potions are less effective at restoring
                  | your health. [a shining eye]
 42669 | Depths:2 | Found Eshranoede's Weapon Boutique.
 42671 | Depths:2 | Identified the +5 leather armour of Ewaicin {Dex+3}
 44211 | Depths:1 | Learned a level 9 spell: Shatter
 44956 | D:4      | Bought the ring "Hitigite" {Contam Fly rC++ Will+} for 588
                  | gold pieces
 44956 | D:4      | Bought an amulet of regeneration for 420 gold pieces
 45261 | Depths:3 | Found Wiklolex's Distillery.
 45395 | Depths:3 | Noticed a golden dragon
 45402 | Depths:3 | Killed a golden dragon
 45403 | Depths:3 | Reached XP level 22. HP: 70/173 MP: 13/40
 45659 | Depths:3 | Found an opulent altar of Gozag.
 45662 | Depths:3 | Found Gozag's Antique Weapon Emporium.
 45662 | Depths:3 | Found Gozag's Antique Weapon Shoppe.
 45664 | Depths:3 | Found Gozag's Assorted Antiques.
 46009 | Depths:3 | Reached skill level 22 in Earth Magic
 46320 | Depths:3 | Found Xiaffuh's Jewellery Shoppe.
 46397 | Depths:3 | Found Urycum's Armour Emporium.
 46400 | Depths:3 | Bought a +1 cloak of preservation for 313 gold pieces
 46512 | Depths:4 | Entered Level 4 of the Depths
 46609 | Depths:4 | Found a magical portal.
 46645 | WizLab   | Entered Tukima's Studio
 46733 | WizLab   | Noticed Bnni's illusion
 46786 | WizLab   | Noticed Bnni's illusion
 46798 | WizLab   | Got Sif Muna's Grimoire of Curses
 46864 | WizLab   | Reached skill level 15 in Armour
 47105 | Depths:4 | Noticed a juggernaut
 47108 | Depths:4 | Killed a juggernaut
 47197 | Depths:4 | Found a burning altar of Makhleb.
 47208 | Depths:4 | Reached skill level 15 in Fighting
 47360 | Depths:4 | Found a burning altar of Makhleb.
 47360 | Depths:4 | Found the +16 obsidian axe {drain, demonic, Mesm Drain Fly
                  | SInv}
 48000 | Depths:4 | Found a gate to the Realm of Zot.
 48000 | Depths:4 | Noticed a golden dragon
 48000 | Depths:4 | Noticed a bone dragon
 48000 | Depths:4 | Noticed a bone dragon
 48006 | Depths:4 | Killed a bone dragon
 48010 | Depths:4 | Killed a golden dragon
 48014 | Depths:4 | Killed a bone dragon
 48524 | Depths:4 | Reached XP level 23. HP: 176/181 MP: 17/41
 48678 | Depths:4 | Reached skill level 15 in Shields
 49142 | Vaults:1 | Entered Level 1 of the Vaults
 49234 | Vaults:1 | Found Raum's Book Shoppe.
 49312 | Vaults:1 | Noticed Nikola
 49321 | Vaults:1 | Killed Nikola
 50273 | Vaults:1 | Reached skill level 23 in Earth Magic
 51368 | Vaults:2 | You fall into a shaft and drop 2 floors!
 51838 | Vaults:4 | Reached skill level 15 in Spellcasting
 51908 | Vaults:4 | Found a transporter.
 51912 | Vaults:4 | Found a transporter.
 52198 | Vaults:4 | Reached XP level 24. HP: 158/191 MP: 29/42
 52199 | Vaults:4 | Reached skill level 15 in Conjurations
 53109 | Vaults:2 | Reached skill level 10 in Necromancy
 53408 | Vaults:2 | Found Hedwomost's Assorted Antiques.
 53416 | Vaults:2 | Bought a pair of spiked boots for 408 gold pieces
 53416 | Vaults:2 | Identified the +0 pair of boots of Birdsong {rC+ Dex+3}
                  | (You bought it in a shop on level 2 of the Vaults)
 54353 | Vaults:3 | Reached skill level 24 in Earth Magic
 54627 | Vaults:3 | Found a staircase to the Crypt.
 54627 | Vaults:3 | Found a basalt altar of Yredelemnul.
 54627 | Vaults:3 | Found an ancient bone altar of Kikubaaqudgha.
 55384 | Crypt:1  | Entered Level 1 of the Crypt
 55656 | Crypt:1  | Found a transporter.
 55672 | Crypt:1  | Noticed an ancient lich
 55689 | Crypt:1  | Killed an ancient lich
 55695 | Crypt:1  | Reached XP level 25. HP: 112/199 MP: 2/42
 55923 | Crypt:1  | Got Sif Muna's Codex of Turbulent Permutations
 55934 | Crypt:1  | Identified the amulet of Beyxooni {RegenMP rElec Stlth+}
 55941 | Crypt:1  | Identified the amulet of Xamuanev {Acrobat Dex+3 Slay+5
                  | SInv}
 56622 | Crypt:1  | Found a transporter.
 56687 | Crypt:1  | Gained mutation: You are frail. (-10% HP) [a cacodemon]
 57967 | Crypt:3  | Entered Level 3 of the Crypt
 57988 | Crypt:3  | Reached skill level 25 in Earth Magic
 58365 | Crypt:3  | Found a staircase to the Tomb.
 58615 | Crypt:3  | Identified the +5 scale mail of Tudeme Gugi {+Blink Fly
                  | rCorr Str-2}
 58617 | Crypt:3  | Identified the +5 glaive of Eternal Vigilance {pain,
                  | Stlth+}
 58791 | Crypt:3  | Noticed Saint Roka
 58805 | Crypt:3  | Killed Saint Roka
 58968 | Crypt:3  | Found an ancient bone altar of Kikubaaqudgha.
 59203 | Crypt:3  | Reached XP level 26. HP: 187/187 MP: 34/43
 59247 | Crypt:3  | Got Sif Muna's Tome of Lethal Contaminants
 59262 | Crypt:3  | Identified the staff of death "Doahenk" {rElec rN+ rCorr
                  | Int+3}
 59818 | Crypt:3  | Identified the ring "Juff" {rC+ rN+}
 59818 | Crypt:3  | Identified the ring of Viasaru {rN+ Int+6}
 60191 | D:8      | Bought a scroll of enchant armour for 120 gold pieces
 60191 | D:8      | Bought a scroll of enchant armour for 120 gold pieces
 60195 | D:8      | Learned a level 1 spell: Apportation
 60334 | Snake:1  | Bought a Necronomicon for 896 gold pieces
 60471 | Slime:1  | Entered Level 1 of the Pits of Slime
 61018 | Slime:5  | Entered Level 5 of the Pits of Slime
 61047 | Slime:5  | Gained mutation: Your body sometimes deteriorates upon
                  | taking damage. [a shining eye]
 61048 | Slime:5  | Gained mutation: You occasionally lose the ability to read
                  | scrolls when taking damage. [a shining eye]
 61090 | Slime:5  | Noticed the Royal Jelly
 61361 | Slime:5  | Found a viscous altar of Jiyva.
 61367 | Slime:5  | Identified the staff of fire "Bucauvin" {rF+ rN+}
 61395 | Slime:5  | Killed the Royal Jelly
 61430 | Slime:5  | Identified the +1 ring mail "Ahor" {Rampage Stlth+}
 61450 | Slime:5  | Identified the +0 acid dragon scales "Pott" {rElec Regen+
                  | rCorr Str+7 Dex-4}
 61479 | Slime:5  | Got a slimy rune of Zot
 61487 | Slime:5  | Identified the +0 short sword of Defiance {holy, Str+3
                  | Int+3}
 62092 | Vaults:4 | Lost mutation: Potions are less effective at restoring your
                  | health. [potion of mutation]
 62092 | Vaults:4 | Lost mutation: Your body sometimes deteriorates upon taking
                  | damage. [potion of mutation]
 62092 | Vaults:4 | Lost mutation: You are frail. (-10% HP) [potion of
                  | mutation]
 62092 | Vaults:4 | Gained mutation: You are resistant to electric shocks.
                  | (rElec) [potion of mutation]
 62092 | Vaults:4 | Gained mutation: You occasionally shout uncontrollably at
                  | your foes. [potion of mutation]
 62093 | Vaults:4 | Lost mutation: You occasionally shout uncontrollably at
                  | your foes. [potion of mutation]
 62093 | Vaults:4 | Lost mutation: You are resistant to electric shocks.
                  | (rElec) [potion of mutation]
 62093 | Vaults:4 | Gained mutation: You are robust. (+10% HP) [potion of
                  | mutation]
 62093 | Vaults:4 | Gained mutation: Your muscles are strong. (Str +4, Int/Dex
                  | -1) [potion of mutation]
 62093 | Vaults:4 | Gained mutation: Your movements are slightly less
                  | encumbered by armour. (ER -2) [potion of mutation]
 62122 | Vaults:4 | Lost mutation: You are robust. (+10% HP) [potion of
                  | mutation]
 62122 | Vaults:4 | Lost mutation: Your movements are slightly less encumbered
                  | by armour. (ER -2) [potion of mutation]
 62122 | Vaults:4 | Lost mutation: You occasionally lose the ability to read
                  | scrolls when taking damage. [potion of mutation]
 62122 | Vaults:4 | Gained mutation: You passively map a small area around you.
                  | [potion of mutation]
 62122 | Vaults:4 | Gained mutation: You are somewhat resistant to further
                  | mutation. [potion of mutation]
 62124 | Vaults:5 | Entered Level 5 of the Vaults
 62127 | Vaults:5 | Reached skill level 26 in Earth Magic
 62440 | Vaults:5 | Reached XP level 27. HP: 164/217 MP: 25/43
 63118 | Vaults:5 | Got a silver rune of Zot
 63121 | Vaults:5 | Identified the +0 morningstar "Mazoequb" {drain, rF+ rC+}
 63210 | Vaults:5 | Identified the +1 trident of Mastery {elec, rF+ rC+ Str+4
                  | Stlth-}
 63286 | Vaults:5 | Identified the +3 quarterstaff of Mordant Expedience
                  | {flame, rCorr}
 63511 | Vaults:5 | Found the +7 Spriggan's Knife {stab, EV+4 Stlth+}
 63861 | Vaults:5 | Identified the staff of earth "Quisa" {rPois rF++ Will-
                  | rCorr}
 63880 | Vaults:5 | Identified the +3 dagger of Dust {heavy, rF++ rN++ SInv}
 64286 | Depths:3 | Bought a +1 pair of gloves of dexterity for 313 gold pieces
 64617 | Elf:1    | Entered Level 1 of the Elven Halls
 65841 | Elf:2    | Found Fioto's Weapon Shoppe.
 65877 | Elf:2    | Found a runed translucent gate.
 65878 | Elf:2    | Found a runed translucent gate.
 65878 | Elf:2    | Found a runed translucent gate.
 66050 | Elf:3    | Entered Level 3 of the Elven Halls
 66132 | Elf:3    | Found Ceidogoe's Assorted Antiques.
 66366 | Elf:3    | Identified the +0 robe of Enleapeig {rF+ Will+ SInv}
 66833 | Elf:3    | Identified the +9 spear "Ohefogoz" {flame, Will+ Stlth+}
 66833 | Elf:3    | Identified the +8 plate armour of the Sailor {Dex+3}
 66833 | Elf:3    | Identified the +9 rapier of a Million Curses {speed,
                  | Fragile rF+ SInv}
 66833 | Elf:3    | Identified the +9 hand axe of the Blind Eye {drain, rElec
                  | Str-2 Dex+10 Stlth+}
 66863 | Elf:3    | Identified the +6 scimitar of Terra Cotta {freeze, rC-
                  | Int+3 Stlth+}
 66897 | Elf:3    | Identified the +6 scimitar of the Apocalypse {holy, rC+
                  | Str+3 Int-5 Dex+3}
 67027 | Elf:3    | Identified the staff of fire "Effac" {rElec rPois rF+}
 67041 | Elf:3    | Got the Lectures on Impure Hoarfrost
 67391 | Depths:1 | Voluntarily entered the Abyss.
 67410 | Abyss:1  | Found a corrupted altar of Lugonu.
 67609 | Abyss:2  | Found a corrupted altar of Lugonu.
 67789 | Abyss:3  | Got an abyssal rune of Zot
 67794 | Depths:1 | Escaped the Abyss
 67924 | Hell     | Entered the Vestibule of Hell
 67924 | Hell     | Noticed Geryon
 67938 | Hell     | Killed Geryon
 68321 | Hell     | Reached skill level 15 in Necromancy
 68783 | Hell     | Found a gateway to the Iron City of Dis.
 68895 | Hell     | Found a gateway to the ashen valley of Gehenna.
 69129 | Hell     | Found a gateway to the decaying netherworld of Tartarus.
 69235 | Hell     | Found a gateway to the freezing wastes of Cocytus.
 69407 | Zig:1    | Entered Level 1 of a ziggurat
 69485 | Zig:2    | Entered Level 2 of a ziggurat
 69534 | Zig:2    | Identified the +1 leather armour of Compression {-Tele Fly
                  | rN+++ SInv}
 69543 | Zig:3    | Entered Level 3 of a ziggurat
 69576 | Zig:4    | Entered Level 4 of a ziggurat
 69595 | Zig:5    | Entered Level 5 of a ziggurat
 69692 | Zig:6    | Entered Level 6 of a ziggurat
 69698 | Zig:6    | Found the crystal ball of Wucad Mu {*channel}
 69713 | Zig:6    | Identified the +6 chain mail of Howoo {Str+3 Dex+6}
 69731 | Zig:7    | Entered Level 7 of a ziggurat
 69763 | Zig:7    | Got the Treatise on Lithic Accompaniment
 69768 | Zig:7    | Identified the +6 rapier "Ebbibova" {venom, rN+}
 69772 | Zig:8    | Entered Level 8 of a ziggurat
 69803 | Zig:8    | Identified the scarf of the Moon {harm, Str+5}
 69804 | Zig:8    | Identified the staff of poison "Velidoble" {rElec rPois}
 69810 | Zig:9    | Entered Level 9 of a ziggurat
 69910 | Zig:9    | Identified the +6 great sword of Division {flame, Str+3}
 69917 | Zig:9    | Identified the +0 scale mail of the Stars {Str+2}
 69931 | Zig:10   | Entered Level 10 of a ziggurat
 69934 | Zig:10   | Noticed Uledo the pandemonium lord
 69939 | Zig:10   | Noticed a Killer Klown
 69945 | Zig:10   | Killed Uledo the pandemonium lord
 69947 | Zig:10   | Killed a Killer Klown
 69964 | Zig:10   | Identified the +0 chain mail of Space {-Cast rF++ Str+3}
 69967 | Zig:10   | Identified the ring of Fedhas's Whim {*Corrode rElec rF+
                  | rC+ Dex+3}
 69972 | Zig:10   | Identified the +9 short sword "Peewn" {spect, Str+2 Dex+2}
 69983 | Zig:11   | Entered Level 11 of a ziggurat
 69992 | Zig:11   | Found the +8 lance "Wyrmbane" {slay drac, rPois rF+ rC+
                  | AC+3}
 70154 | Zig:11   | Identified the +2 cloak of Experimentation {rPois}
 70156 | Zig:11   | Identified the +1 cloak "Saomag" {rC+}
 70168 | Zig:12   | Entered Level 12 of a ziggurat
 70178 | Zig:12   | Gained mutation: You occasionally lose the ability to read
                  | scrolls when taking damage. [a shining eye]
 70179 | Zig:12   | Reached skill level 1 in Polearms
 70295 | Zig:12   | Got the Grimoire of the Jinx
 70410 | Zig:13   | Entered Level 13 of a ziggurat
 70470 | Zig:13   | Found the +3 pair of gauntlets of War {Slay+5}
 70490 | Zig:13   | Identified the +4 morningstar of Ukkaffie {heavy, rPois
                  | Will+ Int-4}
 70493 | Zig:13   | Identified the staff of air "Tuybrol" {rElec rF++}
 70498 | Zig:13   | Identified the +7 chain mail "Cotuf" {rElec rPois rF+ rN+}
 70505 | Zig:14   | Entered Level 14 of a ziggurat
 70549 | Zig:14   | Identified the staff of poison "Asouck" {rPois rF+}
 70553 | Zig:14   | Identified the ring "Netokiut" {rF+ rC+ Dex+2 Slay+4}
 70561 | Zig:14   | Identified the staff of cold "Luozoisi" {Fly rC+ Str+2}
 70566 | Zig:14   | Identified the ring "Meeveuzo" {Wiz rPois rF+ MP+9 Int+2}
 70579 | Zig:15   | Entered Level 15 of a ziggurat
 70588 | Zig:15   | Noticed a juggernaut
 70588 | Zig:15   | Noticed a juggernaut
 70590 | Zig:15   | Reached skill level 1 in Translocations
 70590 | Zig:15   | Killed a juggernaut
 70592 | Zig:15   | Killed a juggernaut
 70594 | Zig:15   | Noticed a juggernaut
 70596 | Zig:15   | Killed a juggernaut
 70666 | Zig:15   | Found the +3 pair of mountain boots {steadfast, rC+}
 70669 | Zig:15   | Got the Vellum of Fateful Austromancy
 70684 | Zig:15   | Identified the +1 scale mail of Okawaru's Benevolence
                  | {rCorr MP+9}
 70703 | Zig:15   | Identified the +1 leather armour "Saust" {Contam Rampage
                  | rF+++}
 70739 | Zig:16   | Entered Level 16 of a ziggurat
 70757 | Zig:16   | Noticed Ehyugur the pandemonium lord
 70765 | Zig:16   | Killed Ehyugur the pandemonium lord
 70973 | Zig:16   | Identified the +1 spear of Xom's Indignation {antimagic,
                  | Fragile Int+4 Dex+4}
 70987 | Zig:16   | Identified the +2 buckler of the Dungeon {Will+ rCorr Str-4
                  | Int-5 Stlth+}
 70990 | Zig:16   | Identified the +6 scimitar of Chance {heavy, *Slow rPois
                  | Int+7 Dex+3}
 70996 | Zig:16   | Identified the +5 quarterstaff of Crusades {drain, Dex+2}
 71001 | Zig:17   | Entered Level 17 of a ziggurat
 71035 | Zig:17   | Reached skill level 5 in Polearms
 71047 | Zig:17   | Found the +7 mace of Variability {chaos, chaos arc}
 71062 | Zig:17   | Got the Incunabulum of Obstruction
 71065 | Zig:17   | Got the Quarto of Rotting Charms
 71093 | Zig:17   | Learned a level 8 spell: Borgnjor's Revivification
 71099 | Zig:17   | Learned a level 5 spell: Yara's Violent Unravelling
 71100 | Zig:18   | Entered Level 18 of a ziggurat
 71123 | Zig:18   | Reached skill level 1 in Hexes
 71351 | Zig:18   | Identified the staff of earth "Ykerumi" {rCorr Int+4 Dex-3
                  | SInv}
 71362 | Zig:18   | Identified the +3 short sword of Amortisation {heavy, rPois
                  | rN+}
 71374 | Zig:18   | Identified the staff of conjuration "Feroh" {rElec Will+}
 71377 | Zig:19   | Entered Level 19 of a ziggurat
 71396 | Zig:19   | Noticed Qamyng the pandemonium lord
 71405 | Zig:19   | Killed Qamyng the pandemonium lord
 71411 | Zig:19   | Killed from afar by a Hell Sentinel

Illustrated notes

Levels and vault maps discovered:
D:1:      mrwooster_arrival_statue_3, layout_basic
D:2:      layout_basic, basic_altar, serial_shops, shop_coins,
          uniq_crazy_yiuf_cottage
D:3:      layout_loops_ring, gammafunk_temple_overflow_arena, minitemple
D:4:      layout_basic, elyvilon_altar_4, kiku_gazebo_pond_becter,
          mainiacjoe_overflow_small_starburst, serial_glass, glass_columns_a,
          glass_columns_a, minmay_strange_pillars, feat_on_display,
          minmay_strange_pillars, serial_shops, shop
D:5:      layout_loops_ring, uniq_eustachio
D:6:      layout_loops_corners, led_xom_imps, minmay_temple_entry_statues,
          serial_undead, serial_undead_c, serial_undead_a, serial_undead_e,
          serial_undead_c, uniq_maggie
D:7:      layout_rooms, cheibrodos_ashenzari_chains, serial_shops,
          nicolae_book_shop_shelving, the_hattery
D:8:      layout_rooms, ebering_ghost_xom, serial_shops, kennysheep_little_box,
          uniq_grum, uniq_maurice, uniq_prince_ribbit1
D:9:      layout_long_grid, nicolae_overflow_crystal_walls, zin_statuary,
          kennysheep_generic_room_8
D:10:     layout_rooms, due_lair_maze_entry_diamond
D:11:     layout_basic, uniq_nergalle, uniq_psyche
D:12:     layout_basic, orc_0_dummy, st_stairs_8, uniq_frances
D:13:     layout_roguey, david_vaults_3, hangedman_decor_slide_cut
D:14:     evilmike_negative_zone, layout_long_grid, hangedman_glass_teeth,
          nicolae_qazlal_general_emergency
D:15:     grunt_enter_depths_snipers, layout_loops_ring,
          chequers_serial_rivers_room_b, enter_trove_3
Lair:1:   layout_roguey [special_room_bee], gammafunk_ghost_icy,
          infiniplex_staircase_pool
Lair:2:   layout_regular_city, dummy_snake_entry
Lair:3:   wad_woods_settlement, layout_loops_ring, skrybe_swamp_entry_bodies
Lair:4:   layout_layer_cave, minmay_slime_entry_oklob_enclosed,
          infiniplex_staircase_pool_2, lemuel_fruit_tree, grunt_megastairs_4
Lair:5:   hellmonk_lair_end_abyssal_woods, layout_loops_ring,
          nicolae_lair_grazing_beasts [nicolae_sub_lair_graze_edge,
          nicolae_sub_lair_graze_edge, nicolae_sub_lair_graze_edge,
          nicolae_sub_lair_graze_edge], uniq_urug
Swamp:1:  layout_falls_marsh, nicolae_swamp_godswood
Swamp:2:  layout_falls_marsh, nicolae_swamp_ascending_descending
Swamp:3:  layout_basic_swamp, nicolae_swamp_dense_foliage, swamp_pool5,
          nicolae_swamp_soggy_hallways, uniq_mara
Swamp:4:  swamp_vile, layout_basic_swamp, swamp_pool2
Snake:1:  layout_onion_interference, nicolae_triple_integral,
          grunt_megastairs_1, minmay_shoptagon, serial_bayou_shore_a
Snake:2:  layout_onion, nicolae_snake_serpentine_hallways, grunt_megastairs_2,
          uniq_asterion
Snake:3:  layout_cave_town
Snake:4:  snake_pit_salamanders_mu, layout_rooms, lightli_airlock, uniq_aizul,
          uniq_louise
Slime:1:  layout_caves
Slime:2:  layout_caves
Slime:3:  layout_caves
Slime:4:  layout_caves, nicolae_slime_getting_an_eyeful
Slime:5
Orc:1:    layout_caves, lemuel_statue_altar, nicolae_orc_lava_room
Orc:2:    st_orc_mages, layout_diamond_mine
Elf:1:    eino_elf_arrival_customs, layout_loops_cross, minmay_elf_necromancy,
          hangedman_elf_disciples
Elf:2:    nicolae_elf_blades_crystal_corner, layout_geoelf_octagon,
          serial_shops, shop
Elf:3:    elf_hall, layout_rooms, serial_shops, shop
Vaults:1: nicolae_vaults_fighting_squares, v_misc_8, vaults_dpeg_spiral,
          ontoclasm_vaults_pinch, ontoclasm_vaults_idyll,
          vaults_mumra_minichess_inversion, nicolae_vaults_sesquioval_fish,
          ontoclasm_vaults_eye, vaults_room_grunt_arrival_ludios,
          nicolae_vaults_diamond_1, layout_vaults_chaotic_city, serial_shops,
          shop, uniq_nikola
Vaults:2: vaults_dpeg_diagonal, vaults_room_boxed, vaults_dpeg_hooks,
          nicolae_vaults_angled_halls, nicolae_vaults_little_ls,
          ontoclasm_vaults_misaligned, nicolae_vaults_little_squares_4,
          nicolae_vaults_border_crossing, nicolae_vaults_tetromino_Z_1,
          nicolae_vaults_yaktaur_gun_rack, nicolae_vaults_diamond_1,
          layout_vaults_omnigrid, serial_shops, shop
Vaults:3: nicolae_vaults_closet_pinwheel_2, nicolae_vaults_little_squares_1,
          ontoclasm_vaults_misaligned, nicolae_vaults_meeting,
          hangedman_vaults_impose, nicolae_vaults_meiosis,
          grunt_vaults_trifunnel, minmay_crypt_entry_necro_gods,
          grunt_vaults_focal, vaults_room_hallway, nicolae_vaults_house_3,
          nicolae_vaults_closet_pinwheel_1, v_misc_2, layout_vaults_maze
Vaults:4: ontoclasm_vaults_twist, nicolae_vaults_trapezoid_lopsided_3,
          nicolae_vaults_trapezoid_layered, hangedman_vaults_trim,
          nicolae_vaults_angled_halls, gammafunk_sealed_arena,
          nicolae_vaults_tangram_1, nicolae_vaults_diamond_1,
          ontoclasm_vaults_shuriken, v_rooms_3, ontoclasm_vaults_idyll,
          nicolae_vaults_little_squares_3, nicolae_vaults_closet_pinwheel_3,
          nicolae_vaults_trapezoid_2, layout_vaults_ring
Vaults:5
Crypt:1:  gammafunk_dig_for_victory, layout_regular_city
Crypt:2:  layout_gridlike
Crypt:3:  church_of_pain_bobbens, layout_chaotic_city,
          tomb_entry_simple_bobbens, grunt_ministairs_15, uniq_saint_roka
Depths:1: layout_long_grid, nicolae_abyss_entry_one_way_or_another, hell_entry,
          drop_trap, minivault_11, skrybe_limestone_x, hangedman_aviary
Depths:2: minmay_distorted_concentric_squares, layout_gridville,
          enter_ziggurat_d, pan_entry, serial_shops, shop,
          nicolae_hell_entry_hellmouth_sunbeams, infiniplex_staircase_zigzag_3,
          grunt_megastairs_3
Depths:3: kennysheep_gozag_temple, layout_long_grid, hellmonk_bongcloud_opening,
          abyss_entry, serial_shops, nicolae_stop_n_shop_1, kennysheep_mini,
          kennysheep_mini_moat, pf_dread_powers_of_hell
Depths:4: grunt_zot_entry_funnels, layout_gridlike, hell_entry, abyss_entry,
          serial_bayou_ford_a, lightli_enter_wizlab_magi_temple,
          grunt_guarded_unrand_obsidian_axe
Hell
Zig:19:   ziggurat_pillar_abc, ziggurat_pillar_abc, ziggurat_pillar_abc,
          ziggurat_pillar_abc

Skill      XL: |  1  2  3  4  5  6  7  8  9 10 11 12 13 14 15 16 17 18 19 20 21 22 23 24 25 26 27 |
---------------+----------------------------------------------------------------------------------+-----
Earth Magic    | 4 5 6 7 9 10 11 13 14 16 17 18 19 20 21 22 23 24 25 26 | 26.9
Fighting       | 1 2 3 4 5 6 7 8 9 10 11 12 13 14 15 16 17 20 | 20.3
Transmutations | 2 3 5 |  5.8
Invocations    | 1 2 3 4 6 7 9 11 12 13 | 13.0
Spellcasting   | 3 4 5 6 7 9 10 11 12 13 14 15 16 19 | 19.1
Shields        | 1 3 4 7 8 9 10 11 12 13 14 15 16 20 | 20.6
Conjurations   | 1 2 3 4 7 8 10 11 12 13 14 15 | 15.0
Armour         | 2 4 5 7 8 9 12 13 14 15 16 17 18 23 | 23.2
Summonings     | 3 5 6 |  6.6
Necromancy     | 1 3 5 6 7 8 9 11 13 16 | 16.6
Dodging        | 4 |  4.2
Polearms       | 5 |  5.8
Translocations | 2 |  2.0
Hexes          | 3 |  3.0
Stealth        | |  2.4

Action                     |  1- 3 |  4- 6 |  7- 9 | 10-12 | 13-15 | 16-18 | 19-21 | 22-24 | 25-27 || total
---------------------------+-------+-------+-------+-------+-------+-------+-------+-------+-------++-------
  Melee: Unarmed           |     1 |       |       |       |       |       |       |       |       ||     1
         Short sword       |    41 |    27 |    23 |       |       |       |       |       |       ||    91
         Mace              |       |       |    20 |       |       |       |       |       |       ||    20
         Staff             |       |       |    10 |    21 |   245 |   167 |   249 |   410 |   881 ||  1983
  Throw: Dart              |       |       |       |     5 |     9 |       |       |       |       ||    14
         Throwing net      |       |       |       |     1 |       |       |       |       |       ||     1
   Cast: Sandblast         |    49 |    46 |   130 |   267 |   484 |   200 |       |       |       ||  1176
         Stone Arrow       |       |       |     3 |     8 |    18 |     5 |       |       |       ||    34
         Lee's Rapid Decon |       |       |       |    14 |    27 |    14 |     7 |    19 |    64 ||   145
         Animate Armour    |       |       |       |     1 |    46 |    53 |    67 |    44 |    54 ||   265
         Petrify           |       |       |       |     1 |     2 |       |       |       |       ||     3
         Iron Shot         |       |       |       |       |       |    63 |    87 |    88 |   160 ||   398
         Borgnjor's Vile C |       |       |       |       |       |    10 |   239 |   162 |   117 ||   528
         Sublimation of Bl |       |       |       |       |       |       |    71 |    69 |   131 ||   271
         Irradiate         |       |       |       |       |       |       |     2 |     5 |     8 ||    15
         Lehudib's Crystal |       |       |       |       |       |       |       |     5 |    25 ||    30
         Shatter           |       |       |       |       |       |       |       |    41 |   132 ||   173
         Passwall          |       |       |       |       |       |       |       |       |     6 ||     6
 Invoke: Slouch            |       |       |       |       |     4 |       |     3 |       |     2 ||     9
         Step From Time    |       |       |       |       |       |       |       |       |     3 ||     3
Ability: Dig               |       |       |       |     1 |       |     2 |     4 |     2 |       ||     9
         Shaft Self        |       |       |       |       |       |       |     1 |       |       ||     1
  Evoke: Wand              |       |       |       |     2 |       |       |       |     1 |     3 ||     6
         Phial of floods   |       |       |       |       |       |       |     1 |     1 |       ||     2
         Lightning rod     |       |       |       |       |       |       |       |       |     1 ||     1
         Phantom mirror    |       |       |       |       |       |       |       |       |     1 ||     1
    Use: Scroll            |       |     8 |     2 |     5 |    11 |     8 |     4 |     1 |    25 ||    64
         Potion            |       |     1 |     1 |       |     3 |     5 |     2 |     1 |    19 ||    32
   Stab: Sleeping          |     1 |     1 |       |       |       |       |       |       |       ||     2
         Distracted        |       |       |       |       |     1 |       |     3 |     1 |     4 ||     9
 Armour: Robe              |     8 |     6 |       |       |       |       |       |       |       ||    14
         Leather armour    |       |    10 |       |       |       |       |       |       |       ||    10
         Ring mail         |       |     4 |     5 |       |       |       |       |       |       ||     9
         Scale mail        |       |       |    25 |       |       |       |       |       |       ||    25
         Chain mail        |       |       |     5 |    28 |       |       |       |       |       ||    33
         Plate armour      |       |       |       |    64 |   289 |   227 |   217 |   503 |   428 ||  1728
         Gold dragon scale |       |       |       |       |       |       |       |       |   373 ||   373
  Dodge: Dodged            |    43 |    26 |    97 |   131 |   164 |   121 |   136 |   263 |   432 ||  1413
  Block: Buckler           |       |       |    23 |   120 |    24 |       |       |       |       ||   167
         Reflection        |       |       |       |    10 |    11 |    55 |    40 |       |       ||   116
         Kite shield       |       |       |       |       |   677 |   560 |   496 |   707 |   834 ||  3274
         Tower shield      |       |       |       |       |       |       |       |       |   660 ||   660
